 Dungeon Crawl Stone Soup version 0.31.0-4-g52a2dc7128 (webtiles) character file.

Game seed: 5205018413267326149

19117 apoch the Severer (level 12, -6/104 (106) HPs)
             Began as a Hill Orc Fighter on Jan 23, 2024.
             Was an Elder of Qazlal.
             Mangled by a seven-headed hydra (11 damage)
             ... on level 2 of the Lair of Beasts.
             The game lasted 00:31:25 (13491 turns).

apoch the Severer (Hill Orc Fighter)               Turns: 13491, Time: 00:31:26

HP:   -6/104 (106)  AC: 16    Str: 24    XL:     12   Next: 65%
MP:   22/22         EV: 10    Int:  8    God:    Qazlal [****..]
Gold: 678           SH: 10    Dex: 10    Spells: 11/11 levels left

rFire   . . .        b - +0 whip (freeze)
rCold   . . .        c - +0 buckler
rNeg    . . .        s - +0 chain mail
rPois   .            g - +0 helmet
rElec   .            (no cloak)
rCorr   .            x - +0 pair of gloves
SInv    .            k - +1 pair of boots
Will    .....        (no amulet) Stlth
                     (no ring)
HPRegen 0.37/turn    (no ring)
MPRegen 0.18/turn

%: repel missiles
@: about to teleport, lightly drained
A: no striking features
a: Renounce Religion, Upheaval, Elemental Force


You were on level 2 of the Lair of Beasts.
You worshipped Qazlal.
Qazlal was greatly pleased with you.
You visited 3 branches of the dungeon, and saw 13 of its levels.

You collected 808 gold pieces.
You spent 130 gold pieces at shops.

Inventory:

Hand Weapons
 a - a +2 broad axe of draining
 b - a +0 whip of freezing (weapon)
 f - a +0 war axe
 E - a +4 war axe
 F - a +0 morningstar
Missiles
 l - 10 boomerangs
 C - 22 poisoned darts
 H - 5 javelins
 K - 40 stones
Armour
 c - a +0 buckler (worn)
 g - a +0 helmet (worn)
 k - a +1 pair of boots (worn)
 s - a +0 chain mail (worn)
 x - a +0 pair of gloves (worn)
Jewellery
 r - an amulet of magic regeneration
Wands
 m - a wand of iceblast (14)
 w - a wand of flame (73)
 z - a wand of quicksilver (5)
 D - a wand of mindburst (11)
Scrolls
 h - 6 scrolls of teleportation
 j - a scroll of immolation
 p - 2 scrolls of enchant armour
 q - 2 scrolls of fog
 y - 2 scrolls of revelation
 A - a scroll of blinking
 B - 2 scrolls of poison
Potions
 d - a potion of mutation
 e - 4 potions of invisibility
 i - 5 potions of attraction
 n - 7 potions of curing
 o - 2 potions of haste
 t - 2 potions of lignification
 u - a potion of cancellation
 v - a potion of magic
 I - a potion of enlightenment {unknown}
 J - 2 potions of brilliance


   Skills:
 - Level 10.0 Fighting
 - Level 15.0 Axes
 - Level 10.0 Armour
 + Level 4.1 Dodging
 + Level 6.4 Shields
 + Level 13.6 Invocations


You had 11 spell levels left.
You didn't know any spells.
Your spell library contained the following spells:

 Spells                   Type           Power      Damage    Failure   Level
 Shock                    Conj/Air       0%         1d3       91%         1
 Lesser Beckoning         Tloc           0%         N/A       97%         2
 Mercury Vapours          Alch/Air       0%         N/A       97%         2
 Gell's Gravitas          Tloc           0%         N/A       100%        3
 Mephitic Cloud           Conj/Alch/Air  0%         N/A       100%        3
 Swiftness                Air            0%         N/A       100%        3
 Teleport Other           Tloc           0%         N/A       100%        3
 Tukima's Dance           Hex            0%         N/A       100%        3
 Volatile Blastmotes      Fire/Tloc      0%         2d10      100%        3
 Airstrike                Air            0%         2d(0-16)  100%        4
 Fulminant Prism          Conj/Alch      0%         3d5       100%        4
 Iskenderun's Mystic Bla  Conj/Tloc      0%         2d3       100%        4
 Passage of Golubria      Tloc           0%         N/A       100%        4
 Freezing Cloud           Conj/Ice/Air   0%         6-21      100%        5
 Yara's Violent Unravell  Hex/Alch       0%         3d3       100%        5


Dungeon Overview and Level Annotations

Branches:
Dungeon (10/15)            Temple (1/1) D:5            Lair (2/5) D:9
 Spider (0/4) Lair:2
  Swamp: Lair:2-3    Shoals: Lair:2-3       Orc: D:9-12

Altars:
Ashenzari
Cheibriados
Dithmenos
Elyvilon
Fedhas
Gozag
Hepliaklqana
Kikubaaqudgha
Makhleb
Nemelex Xobeh
Okawaru
Qazlal
Ru
Sif Muna
Trog
Uskayaw
Vehumet
Wu Jian
Xom
Yredelemnul
Zin
The Shining One
Jiyva

Shops:
D:3 *   D:7 (

Annotations:
D:10 3 runed translucent doors, sasquatch's ghost, novice DsBe


Message History

You hit the seven-headed hydra.
The seven-headed hydra seems to slow down.
You freeze the seven-headed hydra.
The seven-headed hydra is almost dead.
You hear a howl!
The hell rat bites you but does no damage.
You hit the seven-headed hydra.
The seven-headed hydra seems to slow down.
You freeze the seven-headed hydra.
The seven-headed hydra is almost dead.
A wolf comes into view.
The hell rat bites you but does no damage.
The seven-headed hydra bites you but does no damage.
The seven-headed hydra bites you.
* * * LOW HITPOINT WARNING * * *
You block the seven-headed hydra's attack.
The seven-headed hydra bites you.
* * * LOW HITPOINT WARNING * * *
The seven-headed hydra bites you.
* * * LOW HITPOINT WARNING * * *
The seven-headed hydra bites you.
* * * LOW HITPOINT WARNING * * *
You block the seven-headed hydra's attack.
Unknown command.
You feel better. The hell rat closely misses you.
You hit the seven-headed hydra.
The seven-headed hydra seems to slow down.
You freeze the seven-headed hydra.
The seven-headed hydra is almost dead.
A wolf comes into view.
You block the hell rat's attack.
The seven-headed hydra bites you but does no damage.
The seven-headed hydra closely misses you.
The seven-headed hydra bites you.
* * * LOW HITPOINT WARNING * * *
You block the seven-headed hydra's attack.
The seven-headed hydra bites you.
* * * LOW HITPOINT WARNING * * *
The seven-headed hydra bites you!
You die...

#..............####........##
##..........................#
#............#..##.........##
#..##..#############.##.+.##
#P.P##.##### ####..##
#.....##P#P# #..#
##.P#......# ..## #######§.##
.## #.#@r# + ###D##
rr....h°.# r....hhh.+
.......... .r........P
#.#..+###.#. . ##. #### #.


You could see a seven-headed hydra (slow), 4 wolves and a hell rat.

Vanquished Creatures
  An entropy weaver (shapeshifter) (D:10)
  The ghost of Vew Pil the Grappler, a journeyman DrSh of Okawaru (Lair:1)
  A catoblepas (Lair:1)
  2 two-headed ogres
  Pikel (D:4)
  An oklob plant (Lair:1)
  A black mamba (Lair:1)
  6 elephants (Lair:2)
  5 cane toads
  2 komodo dragons
  Jeremiah (D:7)
  A rime drake (Lair:1)
  A hornet (D:7)
  A wraith (D:10)
  13 yaks
  A shadow (D:9)
  4 basilisks
  3 wyverns
  4 steam dragons
  Menkaure (D:6)
  An acid dragon (D:8)
  9 water moccasins
  3 black bears
  2 ice beasts
  5 sky beasts
  3 orc warriors
  2 ogres (D:9)
  6 centaurs
  A phantom (D:6)
  3 kobold brigands
  8 bullfrogs
  2 gnoll sergeants (D:9)
  13 wights
  4 killer bees (D:9)
  A vampire bat (D:10)
  A howler monkey (D:7)
  4 jellies
  2 bombardier beetles
  A gnoll bouda (D:4)
  12 hounds
  4 orc priests
  5 iguanas
  2 sleepcaps (D:7)
  3 hell rats (Lair:2)
  7 orc wizards
  Robin (D:3)
  18 gnolls
  10 adders
  2 ufetubi (D:6)
  A dart slug (D:3)
  3 ribbon worms
  29 orcs
  A bat skeleton (D:10)
  3 bat zombies (D:10)
  3 endoplasms
  4 giant cockroaches
  18 goblins
  19 hobgoblins
  8 jackals
  3 quokkas
  7 ball pythons
  8 bats
  3 frilled lizards
  20 kobolds
  4 rats
320 creatures vanquished.

Vanquished Creatures (others)
  Sigmund (D:6)
1 creature vanquished.

Grand Total: 321 creatures vanquished

Notes
Turn   | Place    | Note
-------+----------+-------------------------------------------
     0 | D:1      | apoch the Hill Orc Fighter began the quest for the Orb.
     0 | D:1      | Reached XP level 1. HP: 19/19 MP: 1/1
    78 | D:1      | Reached skill level 3 in Axes
   184 | D:1      | Reached XP level 2. HP: 17/27 MP: 2/2
  1072 | D:2      | Reached XP level 3. HP: 33/33 MP: 3/3
  1183 | D:2      | Reached skill level 4 in Axes
  1293 | D:2      | Reached XP level 4. HP: 27/40 MP: 4/4
  1632 | D:2      | Found a hazy altar of Hepliaklqana.
  2004 | D:3      | Identified a scroll of acquirement
  2004 | D:3      | Acquired a +2 broad axe of draining
  2186 | D:3      | Reached skill level 5 in Axes
  2221 | D:3      | Found a shadowy altar of Dithmenos.
  2351 | D:3      | Found Ampeisyj's Assorted Antiques.
  2458 | D:3      | Reached XP level 5. HP: 43/47 MP: 5/5
  2658 | D:3      | Found a radiant altar of Vehumet.
  3068 | D:4      | Noticed Robin
  3129 | D:3      | Killed Robin
  3145 | D:3      | Reached skill level 5 in Fighting
  3145 | D:3      | Reached skill level 6 in Axes
  3145 | D:3      | Reached XP level 6. HP: 54/56 MP: 6/6
  3260 | D:4      | Noticed Pikel
  3280 | D:4      | Killed Pikel
  3281 | D:4      | Reached skill level 8 in Axes
  3281 | D:4      | Reached skill level 5 in Armour
  3281 | D:4      | Reached XP level 7. HP: 46/63 MP: 7/7
  3523 | D:4      | Identified the +8 short sword of Dishonesty {flame, rPois}
  3524 | D:4      | Found a shimmering altar of Xom.
  3537 | D:4      | Reached XP level 8. HP: 32/71 MP: 8/8
  3786 | D:4      | Found a basalt altar of Yredelemnul.
  3810 | D:4      | Found a shimmering altar of Xom.
  3810 | D:4      | Found a shimmering altar of Xom.
  3811 | D:4      | Found a shimmering altar of Xom.
  3812 | D:4      | Found a shimmering altar of Xom.
  4098 | D:4      | Found a sacrificial altar of Ru.
  4141 | D:5      | Entered Level 5 of the Dungeon
  4305 | D:5      | Reached skill level 9 in Axes
  4435 | D:5      | Found a staircase to the Ecumenical Temple.
  4446 | Temple   | Entered the Ecumenical Temple
  4461 | Temple   | Became a worshipper of Qazlal Stormbringer
  4528 | D:5      | Found a snail-covered altar of Cheibriados.
  4540 | D:5      | Reached skill level 1 in Invocations
  4726 | D:5      | Found a sparkling altar of Nemelex Xobeh.
  5028 | D:6      | Reached * piety under Qazlal
  5030 | D:6      | Noticed Sigmund
  5041 | D:6      | Reached skill level 10 in Axes
  5045 | D:6      | Killed Sigmund
  5046 | D:6      | Reached XP level 9. HP: 37/79 MP: 9/11
  5611 | D:6      | Found an iron altar of Okawaru.
  5618 | D:6      | Reached skill level 11 in Axes
  6034 | D:6      | Noticed Menkaure
  6040 | D:6      | Killed Menkaure
  6273 | D:7      | Reached skill level 5 in Invocations
  6326 | D:7      | Found a blossoming altar of Fedhas.
  6606 | D:7      | Found Sameb's Antique Weapon Emporium.
  6615 | D:7      | Reached skill level 12 in Axes
  6622 | D:7      | Noticed Jeremiah
  6775 | D:7      | Killed Jeremiah
  6776 | D:7      | Reached XP level 10. HP: 63/85 MP: 12/14
  7007 | D:7      | Identified the +4 scale mail of Jelywn {Str+3}
  7670 | D:8      | Found a hide-covered altar of Uskayaw.
  7677 | D:8      | Reached ** piety under Qazlal
  7759 | D:8      | Reached skill level 13 in Axes
  7995 | D:8      | Found a white marble altar of Elyvilon.
  8086 | D:8      | Noticed a two-headed ogre
  8117 | D:8      | Killed a two-headed ogre
  8859 | D:9      | Reached skill level 14 in Axes
  9072 | D:9      | Reached XP level 11. HP: 99/99 MP: 16/16
  9078 | D:9      | Found a staircase to the Lair.
  9093 | D:9      | Reached skill level 10 in Fighting
  9142 | Lair:1   | Entered Level 1 of the Lair of Beasts
  9406 | D:9      | Reached *** piety under Qazlal
 10016 | D:9      | Found a hazy altar of Hepliaklqana.
 10082 | D:9      | Found a burning altar of Makhleb.
 10201 | D:10     | Entered Level 10 of the Dungeon
 10337 | D:10     | Reached skill level 15 in Axes
 10463 | D:10     | Found an ancient bone altar of Kikubaaqudgha.
 10566 | D:10     | Found a runed translucent gate.
 10566 | D:10     | Found a runed translucent gate.
 10569 | D:10     | Found a runed translucent gate.
 10571 | D:10     | Noticed a great orb of eyes
 10571 | D:10     | Noticed sasquatch's ghost (novice DsBe)
 10574 | D:10     | Found a viscous altar of Jiyva.
 10677 | D:10     | Noticed an entropy weaver
 10684 | D:10     | Noticed a two-headed ogre
 10685 | D:10     | Killed an entropy weaver
 10686 | D:10     | Reached skill level 10 in Armour
 10695 | D:10     | Killed a two-headed ogre
 10696 | D:10     | Reached skill level 10 in Invocations
 11295 | D:3      | Bought a potion of heal wounds for 130 gold pieces
 11561 | Lair:1   | Noticed an oklob plant
 11850 | Lair:1   | Killed an oklob plant
 12131 | Lair:1   | Noticed Vew Pil's ghost (journeyman DrSh)
 12200 | Lair:1   | Found a runed translucent gate.
 12204 | Lair:1   | Found a runed translucent gate.
 12204 | Lair:1   | Found a runed translucent gate.
 12247 | Lair:1   | Reached **** piety under Qazlal
 12248 | Lair:1   | Reached skill level 1 in Dodging
 12252 | Lair:1   | Reached XP level 12. HP: 92/106 MP: 21/21
 12794 | Lair:1   | Noticed a catoblepas
 12802 | Lair:1   | Killed a catoblepas
 12961 | Lair:1   | Killed Vew Pil's ghost
 12962 | Lair:1   | Reached skill level 5 in Shields
 13456 | Lair:2   | Found a hole to the Spider Nest.
 13465 | Lair:2   | Noticed a seven-headed hydra
 13489 | Lair:2   | HP: 3/104 [seven-headed hydra (6)]
 13491 | Lair:2   | Mangled by a seven-headed hydra

Illustrated notes

Levels and vault maps discovered:
D:1:      dpeg_arrival_short_road, layout_basic, minmay_close_crescents
D:2:      layout_loops_cross, basic_altar
D:3:      layout_basic, nicolae_dithmenos_through_a_glass_darkly,
          fiery_altar_vehumet, serial_shops, nicolae_shop_hallway_plus
D:4:      layout_rooms, marbit_many_paths, yredelemnul_altar_generic,
          xom_redecorated, uniq_robin, uniq_pikel
D:5:      layout_gridville, cheibriados_altar_2, kennysheep_mini_moat,
          minmay_temple_entry_gardened_gates
D:6:      layout_layer_cave, okawaru_trees_2, minmay_statues_item,
          minmay_fractal_squares_diagonal_5, uniq_menkaure, uniq_sigmund
D:7:      layout_gridville, nicolae_overflow_crystal_walls, serial_shops,
          nicolae_shop_behind_doors, uniq_jeremiah
D:8:      layout_gridville, mainiacjoe_overflow_concentric_impassable,
          eat_drink_and_be_merry_uskayaw, minmay_alternating_orb
D:9:      kennysheep_housing_project, layout_basic,
          mainiacjoe_overflow_alcove_4, nicolae_hepliaklqana_hippocampus,
          david_lair_shrubbed, nicolae_straight_to_the_point
D:10:     layout_basic, kennysheep_vampire_church, gammafunk_ghost_ooze
Temple:   hellmonk_temple_forest_ring
Lair:1:   layout_hall_layers, gammafunk_ghost_split, lemuel_fruit_tree,
          grunt_megastairs_4
Lair:2:   layout_roguey, shoals_dummy_entry, dummy_spider_entry,
          beast_lair_carwin_10, uniq_fannar, uniq_maggie

Skill      XL: |  1  2  3  4  5  6  7  8  9 10 11 12 |
---------------+-------------------------------------+-----
Axes           | 3 4 5 6 8 10 12 14 15 | 15.0
Fighting       | 4 5 6 7 8 9 10 | 10.0
Armour         | 4 5 6 7 9 10 | 10.0
Invocations    | 3 5 7 12 13 | 13.6
Dodging        | 1 4 |  4.1
Shields        | 6 |  6.4

Action                     |  1- 3 |  4- 6 |  7- 9 | 10-12 || total
---------------------------+-------+-------+-------+-------++-------
  Melee: War axe           |    75 |    43 |       |       ||   118
         Broad axe         |       |   117 |   235 |   483 ||   835
         Whip              |       |       |       |    18 ||    18
  Throw: Stone             |       |    16 |    21 |    17 ||    54
         Dart              |       |       |       |     3 ||     3
 Invoke: Upheaval          |       |       |       |     3 ||     3
    Use: Scroll            |       |     8 |     6 |     7 ||    21
         Potion            |       |     1 |       |     5 ||     6
 Armour: Scale mail        |    49 |   117 |   128 |       ||   294
         Chain mail        |       |       |    74 |   430 ||   504
  Dodge: Dodged            |    30 |    67 |   105 |   179 ||   381
  Block: Buckler           |    14 |    38 |    57 |   214 ||   323
